Canucks vs Panthers

Created - 3 juin 2019 at 22:27

Goals
1 2 3 T
Canucks 4 0 1 5
Panthers 1 1 1 3
Shots
1 2 3 T
Canucks 11 7 10 28
Panthers 14 7 8 29

1st period

1. Canucks , Erik Karlsson 5 (Ryan OReilly 10, William Karlsson 5) at 0:30 (PP)
2. Panthers , Luke Glendening 3 (Samuel Girard 1) at 15:13
3. Canucks , Alex Pietrangelo 1 (Bobby Ryan 7, Tyson Barrie 7) at 19:14 (PP)
4. Canucks , Brandon Montour 1 (Ryan OReilly 11, Vince Dunn 1) at 19:26
5. Canucks , William Karlsson 8 (Ryan OReilly 12, Anthony Beauvillier 2) at 19:48

Penalties :
Matthew Tkachuk (FLA) for High sticking (Minor) at 0:12, Brandon Carlo (FLA) for Tripping (Minor) at 18:01

2nd period

6. Panthers , Blake Wheeler 7 (Matthew Tkachuk 5, Tyler Seguin 12) at 12:01

Penalties :
No Penalty

3rd period

7. Panthers , Charlie McAvoy 2 (Drew Doughty 10, Joe Thornton 9) at 5:42 (PP)
8. Canucks , Ryan OReilly 7 (Tyson Barrie 8, William Karlsson 6) at 17:45

Penalties :
Alex Pietrangelo (VAN) for Hooking (Minor) at 4:39, Aleksander Barkov (FLA) for Elbowing (Minor) at 6:11, Drew Doughty (FLA) for Tripping (Minor) at 13:59

Goalie Stats

Braden Holtby (VAN), 26 saves from 29 shots - (0.897), W, 13-3-2, 60:00 minutes
Devan Dubnyk (FLA), 7 saves from 11 shots - (0.636), L, 12-5-2, 19:48 minutes
Cam Ward (FLA), 16 saves from 17 shots - (0.941), 40:12 minutes

Players Stats for Canucks

Player Name              G  A  P  +/- PIM S  H  SB GA TA FO     MP     PP MP  PK MP  
------------------------------------------------------------------------------------
Aaron Ekblad             0  0  0   1  0   1  1  2  0  0  0/0    19:54   0:00   0:50 
Alex Pietrangelo         1  0  1   1  2   3  3  2  0  0  0/0    25:06   2:57   0:00 
Anthony Beauvillier      0  1  1   3  0   1  1  0  0  0  1/1    19:37   0:00   0:33 
Blake Coleman            0  0  0   0  0   0  3  1  0  0  6/13   16:19   2:38   0:30 
Bobby Ryan               0  1  1  -2  0   2  2  0  0  0  0/1    19:00   2:51   0:00 
Brandon Montour          1  0  1  -1  0   1  1  0  0  0  0/0    15:27   0:00   0:00 
Brayden Point            0  0  0  -2  0   2  0  0  0  0  9/33   23:51   2:38   0:00 
Brenden Dillon           0  0  0   0  0   0  0  0  0  0  0/0     0:13   0:00   0:13 
Brooks Laich             0  0  0   0  0   0  0  0  0  0  1/3     0:30   0:00   0:30 
Charlie Coyle            0  0  0  -2  0   1  2  1  0  0  4/6    19:00   2:51   0:00 
Danton Heinen            0  0  0   0  0   1  0  0  0  0  0/0     5:04   0:00   0:00 
Erik Karlsson            1  0  1   1  0   2  3  1  0  0  0/0    21:56   2:32   0:27 
Jared McCann             0  0  0   0  0   0  0  0  0  0  0/3    13:44   0:00   0:33 
Mike Hoffman             0  0  0   0  0   1  0  0  0  0  0/2    20:39   2:51   0:00 
Ryan OReilly             1  3  4   3  0   8  0  1  0  0  16/28  22:09   2:38   0:00 
Tyson Barrie             0  2  2   1  0   2  0  1  0  0  0/0    19:24   2:57   0:36 
Vince Dunn               0  1  1  -1  0   0  2  0  0  0  0/0    15:27   0:00   0:00 
William Karlsson         1  2  3   3  0   3  2  0  0  0  0/0    21:36   2:32   0:00 

Players Stats for Panthers

Player Name              G  A  P  +/- PIM S  H  SB GA TA FO     MP     PP MP  PK MP  
------------------------------------------------------------------------------------
Aleksander Barkov        0  0  0   0  2   1  0  0  0  0  14/22  17:51   0:00   0:59 
Andrew Ladd              0  0  0   0  0   2  0  0  0  0  1/4    12:03   0:00   1:32 
Blake Wheeler            1  0  1  -2  0   4  2  0  0  0  1/1    20:46   0:42   0:00 
Brandon Carlo            0  0  0   1  2   0  1  0  0  0  0/0    19:50   0:00   1:17 
Charlie McAvoy           1  0  1   1  0   1  3  0  0  0  0/0    21:28   0:21   2:33 
Drew Doughty             0  1  1  -2  2   0  1  4  0  0  0/0    22:51   0:21   1:39 
Francois Beauchemin      0  0  0   0  0   2  3  2  0  0  0/0    16:58   0:00   2:56 
Joe Thornton             0  1  1   0  0   4  0  1  0  0  8/14   10:52   0:21   0:00 
Joel Armia               0  0  0   1  0   2  1  0  0  0  0/0     7:30   0:00   1:30 
Justin Williams          0  0  0   0  0   0  1  0  0  0  0/0    10:31   0:00   0:00 
Luke Glendening          1  0  1   1  0   1  2  0  0  0  11/15   8:58   0:00   2:58 
Matthew Tkachuk          0  1  1  -2  2   3  1  0  0  0  0/2    21:14   0:42   0:29 
Melker Karlsson          0  0  0   1  0   1  1  0  0  0  0/1     9:30   0:00   3:30 
Michael Matheson         0  0  0  -2  0   0  0  2  0  0  0/0    24:07   0:42   2:33 
Nikolaj Ehlers           0  0  0   0  0   2  1  0  0  0  1/2    17:14   0:21   0:00 
Patrik Laine             0  0  0   0  0   1  0  0  0  0  0/0    17:14   0:21   0:00 
Samuel Girard            0  1  1   0  0   0  0  3  0  0  0/0    14:44   0:42   0:00 
Tyler Seguin             0  1  1  -2  0   5  1  1  0  0  17/29  20:46   0:42   0:00 

3 Stars

1 - Ryan OReilly (VAN)
2 - William Karlsson (VAN)
3 - Erik Karlsson (VAN)

Power Play

Canucks - 2 on 4 Attempt(s) - 50.00%
Panthers - 1 on 1 Attempt(s) - 100.00%

Penalty Kill

Canucks - 0 on 1 Attempt(s) - 0.00% - Score 0 goal in Penalty Kill
Panthers - 2 on 4 Attempt(s) - 50.00% - Score 0 goal in Penalty Kill

Team Stat

Canucks - Hits : 20 - Faceoff Wins : 37 - Blocked Shots : 9 - Penalty Minutes : 2
Panthers - Hits : 18 - Faceoff Wins : 53 - Blocked Shots : 13 - Penalty Minutes : 8

Official

Referees : Dean Morton and Mike Leggo
Linesman : Jay Sharrers and Steve Miller

Game Notes

Cam Ward enters game at 19:48 of 1st period
Luke Glendening is injured at 15:07 of 3rd period (Left Knee)

Finance

Level 1 -- Attendance: 6000 (100.00%) -- Ticket Income 690 000 $
Level 2 -- Attendance: 5000 (100.00%) -- Ticket Income 400 000 $
Level 3 -- Attendance: 3500 (100.00%) -- Ticket Income 192 500 $
Level 4 -- Attendance: 3750 (100.00%) -- Ticket Income 75 000 $
Luxury Box -- Attendance: 1000 (100.00%) -- Ticket Income 210 000 $
Game was played at the BBT Center.
Total Attendance: 19250 (100.00%)
Total Ticket Income: 1 567 500 $
Other Income: 768 075 $
Total Income: 2 335 575 $

% Time on Ice - Canucks

Lines # - Real PCT - Wanted PCT - Time Play
Normal Forward
1 - 36% - 37% - 19:04
2 - 30% - 33% - 16:09
3 - 25% - 20% - 13:11
4 - 9% - 10% - 5:04
Normal Defense
1 - 36% - 36% - 19:04
2 - 30% - 33% - 15:51
3 - 29% - 21% - 15:27
4 - 6% - 10% - 3:06
PP Forward
1 - 48% - 60% - 2:38
2 - 52% - 40% - 2:51
PP Defense
1 - 46% - 60% - 2:32
2 - 54% - 40% - 2:57
PK Forward
1 - 48% - 50% - 0:30
2 - 52% - 50% - 0:33
PK Defense
1 - 57% - 60% - 0:36
2 - 43% - 40% - 0:27
PK3 Forward
1 - 0% - 50%
2 - 0% - 50%
PK3 Defense
1 - 0% - 50%
2 - 0% - 50%
44 Forward
1 - 0% - 60%
2 - 0% - 40%
44 Defense
1 - 0% - 60%
2 - 0% - 40%
Last Minute Offensive  - 0:00
Last Minute Defensive  - 0:00
Total
Forward - 60:00
Defense - 60:00

% Time on Ice - Panthers

Lines # - Real PCT - Wanted PCT - Time Play
Normal Forward
1 - 38% - 40% - 20:04
2 - 32% - 30% - 16:53
3 - 20% - 20% - 10:31
4 - 11% - 10% - 6:00
Normal Defense
1 - 39% - 42% - 20:52
2 - 35% - 37% - 18:34
3 - 26% - 21% - 14:02
4 - 0% - 0% - 0:00
PP Forward
1 - 67% - 55% - 0:42
2 - 33% - 45% - 0:21
PP Defense
1 - 33% - 55% - 0:21
2 - 67% - 45% - 0:42
PK Forward
1 - 73% - 60% - 3:59
2 - 27% - 40% - 1:30
PK Defense
1 - 53% - 50% - 2:56
2 - 47% - 50% - 2:33
PK3 Forward
1 - 0% - 60%
2 - 0% - 40%
PK3 Defense
1 - 0% - 50%
2 - 0% - 50%
44 Forward
1 - 0% - 60%
2 - 0% - 40%
44 Defense
1 - 0% - 60%
2 - 0% - 40%
Last Minute Offensive  - 0:00
Last Minute Defensive  - 0:00
Total
Forward - 60:00
Defense - 60:00

Play-by-Play

1st period


0:01 of 1st period - Tyler Seguin wins face-off versus Ryan OReilly in neutral zone.
0:11 of 1st period - Ryan OReilly is hit by Tyler Seguin and loses puck.
0:12 of 1st period - Minor Penalty to Matthew Tkachuk for High sticking.
0:13 of 1st period - Luke Glendening wins face-off versus Brayden Point in Panthers zone.
0:26 of 1st period - Shot by William Karlsson.
0:26 of 1st period - Stopped by Devan Dubnyk with a rebound.
0:28 of 1st period - Shot by Ryan OReilly.
0:28 of 1st period - Shot Misses the Net.
0:30 of 1st period - Shot by Erik Karlsson.
0:30 of 1st period - Goal by Erik Karlsson - Canucks : 1 - Panthers : 0.
0:31 of 1st period - Joe Thornton wins face-off versus Bobby Ryan in neutral zone.
0:43 of 1st period - Off-side.
0:44 of 1st period - Blake Coleman wins face-off versus Aleksander Barkov in neutral zone.
0:53 of 1st period - Shot by Mike Hoffman.
0:53 of 1st period - Shot Misses the Net.
1:07 of 1st period - Shot by Patrik Laine.
1:07 of 1st period - Shot Misses the Net.
1:09 of 1st period - Shot by Francois Beauchemin.
1:09 of 1st period - Stopped by Braden Holtby with a rebound.
1:53 of 1st period - Shot by Matthew Tkachuk.
1:53 of 1st period - Stopped by Braden Holtby without a rebound.
1:54 of 1st period - Ryan OReilly wins face-off versus Luke Glendening in Canucks zone.
1:54 of 1st period - Ryan OReilly is hit by Melker Karlsson.
3:45 of 1st period - Shot by Bobby Ryan.
3:45 of 1st period - Stopped by Devan Dubnyk with a rebound.
3:47 of 1st period - Shot by Bobby Ryan.
3:47 of 1st period - Deflect By Brayden Point.
3:47 of 1st period - Shot Misses the Net.
3:49 of 1st period - Shot by Bobby Ryan.
3:49 of 1st period - Shot Misses the Net.
3:51 of 1st period - Shot by Charlie Coyle.
3:51 of 1st period - Shot Misses the Net.
4:07 of 1st period - Icing by Blake Coleman.
4:08 of 1st period - Aleksander Barkov wins face-off versus Jared McCann in Canucks zone.
4:21 of 1st period - Shot by Nikolaj Ehlers.
4:21 of 1st period - Stopped by Braden Holtby without a rebound.
4:22 of 1st period - Luke Glendening wins face-off versus Mike Hoffman in Canucks zone.
4:31 of 1st period - Shot by Melker Karlsson.
4:31 of 1st period - Stopped by Braden Holtby without a rebound.
4:32 of 1st period - Aleksander Barkov wins face-off versus Brayden Point in Canucks zone.
5:13 of 1st period - Shot by Aleksander Barkov.
5:13 of 1st period - Deflect By Patrik Laine.
5:13 of 1st period - Shot Blocked by Erik Karlsson.
5:20 of 1st period - Erik Karlsson is hit by Brandon Carlo and loses puck.
5:50 of 1st period - Tyler Seguin is hit by Anthony Beauvillier and loses puck.
5:55 of 1st period - Vince Dunn is hit by Matthew Tkachuk and loses puck.
6:03 of 1st period - Tyler Seguin is hit by Brandon Montour and loses puck.
6:40 of 1st period - Shot by Aaron Ekblad.
6:40 of 1st period - Stopped by Devan Dubnyk without a rebound.
6:41 of 1st period - Luke Glendening wins face-off versus Brayden Point in Panthers zone.
6:52 of 1st period - Shot by Joel Armia.
6:52 of 1st period - Shot Misses the Net.
6:54 of 1st period - Shot by Luke Glendening.
6:54 of 1st period - Deflect By Joel Armia.
6:54 of 1st period - Stopped by Braden Holtby without a rebound.
6:55 of 1st period - Joe Thornton wins face-off versus Blake Coleman in Canucks zone.
6:56 of 1st period - Shot by Andrew Ladd.
6:56 of 1st period - Stopped by Braden Holtby without a rebound.
6:57 of 1st period - Blake Coleman wins face-off versus Joe Thornton in Canucks zone.
7:10 of 1st period - Shot by Joe Thornton.
7:10 of 1st period - Stopped by Braden Holtby without a rebound.
7:11 of 1st period - Ryan OReilly wins face-off versus Tyler Seguin in Canucks zone.
7:30 of 1st period - Shot by Ryan OReilly.
7:30 of 1st period - Stopped by Devan Dubnyk without a rebound.
7:31 of 1st period - Aleksander Barkov wins face-off versus Brayden Point in Panthers zone.
7:52 of 1st period - Shot by Brayden Point.
7:52 of 1st period - Stopped by Devan Dubnyk without a rebound.
7:53 of 1st period - Ryan OReilly wins face-off versus Tyler Seguin in Panthers zone.
8:27 of 1st period - Tyler Seguin is hit by Aaron Ekblad and loses puck.
9:05 of 1st period - Off-side.
9:06 of 1st period - Blake Coleman wins face-off versus Nikolaj Ehlers in neutral zone.
10:24 of 1st period - Shot by Andrew Ladd.
10:24 of 1st period - Shot Misses the Net.
10:26 of 1st period - Shot by Brandon Carlo.
10:26 of 1st period - Shot Hit the Post.
10:30 of 1st period - Shot by Justin Williams.
10:30 of 1st period - Shot Blocked by Tyson Barrie.
10:32 of 1st period - Shot by Charlie McAvoy.
10:32 of 1st period - Shot Misses the Net.
11:30 of 1st period - Icing by Aaron Ekblad.
11:31 of 1st period - Aleksander Barkov wins face-off versus Ryan OReilly in Canucks zone.
11:46 of 1st period - Shot by William Karlsson.
11:46 of 1st period - Shot Blocked by Samuel Girard.
12:04 of 1st period - Shot by Ryan OReilly.
12:04 of 1st period - Shot Misses the Net.
12:47 of 1st period - Shot by Joel Armia.
12:47 of 1st period - Stopped by Braden Holtby without a rebound.
12:48 of 1st period - Tyler Seguin wins face-off versus Brayden Point in Canucks zone.
13:07 of 1st period - Shot by Blake Wheeler.
13:07 of 1st period - Stopped by Braden Holtby without a rebound.
13:08 of 1st period - Ryan OReilly wins face-off versus Joe Thornton in Canucks zone.
13:42 of 1st period - Icing by Aaron Ekblad.
13:43 of 1st period - Tyler Seguin wins face-off versus Ryan OReilly in Canucks zone.
13:46 of 1st period - Shot by Blake Wheeler.
13:46 of 1st period - Stopped by Braden Holtby without a rebound.
13:47 of 1st period - Brayden Point wins face-off versus Tyler Seguin in Canucks zone.
14:04 of 1st period - Shot by Erik Karlsson.
14:04 of 1st period - Shot Blocked by Drew Doughty.
15:00 of 1st period - Shot by Patrik Laine.
15:00 of 1st period - Stopped by Braden Holtby without a rebound.
15:01 of 1st period - Brayden Point wins face-off versus Luke Glendening in Canucks zone.
15:01 of 1st period - Brayden Point is hit by Joel Armia.
15:07 of 1st period - Samuel Girard is hit by Bobby Ryan.
15:11 of 1st period - Shot by Luke Glendening.
15:11 of 1st period - Shot Blocked by Charlie Coyle.
15:13 of 1st period - Shot by Luke Glendening.
15:13 of 1st period - Goal by Luke Glendening - Canucks : 1 - Panthers : 1.
15:14 of 1st period - Aleksander Barkov wins face-off versus Blake Coleman in neutral zone.
15:16 of 1st period - Charlie McAvoy is hit by Alex Pietrangelo and loses puck.
15:21 of 1st period - Shot by Patrik Laine.
15:21 of 1st period - Shot Hit the Post.
15:23 of 1st period - Shot by Charlie McAvoy.
15:23 of 1st period - Shot Misses the Net.
15:25 of 1st period - Shot by Patrik Laine.
15:25 of 1st period - Deflect By Aleksander Barkov.
15:25 of 1st period - Stopped by Braden Holtby without a rebound.
15:26 of 1st period - Ryan OReilly wins face-off versus Joe Thornton in Canucks zone.
16:30 of 1st period - Shot by Brayden Point.
16:30 of 1st period - Stopped by Devan Dubnyk without a rebound.
16:31 of 1st period - Blake Coleman wins face-off versus Tyler Seguin in Panthers zone.
16:54 of 1st period - Shot by Mike Hoffman.
16:54 of 1st period - Deflect By Jared McCann.
16:54 of 1st period - Shot Misses the Net.
17:02 of 1st period - Blake Wheeler is hit by Vince Dunn and loses puck.
18:01 of 1st period - Minor Penalty to Brandon Carlo for Tripping.
18:02 of 1st period - Luke Glendening wins face-off versus Brayden Point in Panthers zone.
18:08 of 1st period - Icing by Erik Karlsson.
18:09 of 1st period - Luke Glendening wins face-off versus Brayden Point in Canucks zone.
18:58 of 1st period - Shot by Alex Pietrangelo.
18:58 of 1st period - Shot Misses the Net.
19:00 of 1st period - Shot by Alex Pietrangelo.
19:00 of 1st period - Shot Misses the Net.
19:02 of 1st period - Shot by Tyson Barrie.
19:02 of 1st period - Stopped by Devan Dubnyk without a rebound.
19:03 of 1st period - Charlie Coyle wins face-off versus Aleksander Barkov in Panthers zone.
19:10 of 1st period - Shot by Bobby Ryan.
19:10 of 1st period - Shot Blocked by Drew Doughty.
19:12 of 1st period - Shot by Alex Pietrangelo.
19:12 of 1st period - Shot Misses the Net.
19:14 of 1st period - Shot by Alex Pietrangelo.
19:14 of 1st period - Goal by Alex Pietrangelo - Canucks : 2 - Panthers : 1.
19:15 of 1st period - Ryan OReilly wins face-off versus Tyler Seguin in neutral zone.
19:24 of 1st period - Shot by Ryan OReilly.
19:24 of 1st period - Shot Misses the Net.
19:26 of 1st period - Shot by Brandon Montour.
19:26 of 1st period - Goal by Brandon Montour - Canucks : 3 - Panthers : 1.
19:27 of 1st period - Aleksander Barkov wins face-off versus Brayden Point in neutral zone.
19:32 of 1st period - Shot by Nikolaj Ehlers.
19:32 of 1st period - Stopped by Braden Holtby without a rebound.
19:33 of 1st period - Ryan OReilly wins face-off versus Tyler Seguin in Canucks zone.
19:44 of 1st period - Shot by William Karlsson.
19:44 of 1st period - Deflect By Ryan OReilly.
19:44 of 1st period - Shot Blocked by Tyler Seguin.
19:48 of 1st period - Shot by William Karlsson.
19:48 of 1st period - Goal by William Karlsson - Canucks : 4 - Panthers : 1.
19:48 of 1st period - Cam Ward enters game.
19:49 of 1st period - Aleksander Barkov wins face-off versus Brayden Point in neutral zone.
Goals for this period are 4 for Canucks vs 1 for Panthers.
Shots for this period are 11 for Canucks vs 14 for Panthers.

2nd period


0:01 of 2nd period - Brayden Point wins face-off versus Tyler Seguin in neutral zone.
0:40 of 2nd period - Shot by Blake Wheeler.
0:40 of 2nd period - Stopped by Braden Holtby without a rebound.
0:41 of 2nd period - Ryan OReilly wins face-off versus Aleksander Barkov in Canucks zone.
0:57 of 2nd period - Shot by Ryan OReilly.
0:57 of 2nd period - Stopped by Cam Ward without a rebound.
0:58 of 2nd period - Blake Coleman wins face-off versus Melker Karlsson in Panthers zone.
0:58 of 2nd period - Brandon Montour is hit by Francois Beauchemin and loses puck.
1:22 of 2nd period - Brandon Montour is hit by Luke Glendening and loses puck.
1:44 of 2nd period - Icing by Francois Beauchemin.
1:45 of 2nd period - Brayden Point wins face-off versus Luke Glendening in Panthers zone.
1:45 of 2nd period - Alex Pietrangelo is hit by Francois Beauchemin and loses puck.
1:53 of 2nd period - Off-side.
1:54 of 2nd period - Tyler Seguin wins face-off versus Ryan OReilly in neutral zone.
2:14 of 2nd period - Icing by Aaron Ekblad.
2:15 of 2nd period - Ryan OReilly wins face-off versus Aleksander Barkov in Canucks zone.
2:22 of 2nd period - Shot by Ryan OReilly.
2:22 of 2nd period - Deflect By Anthony Beauvillier.
2:22 of 2nd period - Stopped by Cam Ward with a rebound.
2:29 of 2nd period - Icing by Charlie McAvoy.
2:30 of 2nd period - Aleksander Barkov wins face-off versus Brayden Point in Panthers zone.
2:34 of 2nd period - Nikolaj Ehlers is hit by Erik Karlsson and loses puck.
3:48 of 2nd period - Icing by Drew Doughty.
3:49 of 2nd period - Blake Coleman wins face-off versus Tyler Seguin in Panthers zone.
5:25 of 2nd period - Charlie McAvoy is hit by Bobby Ryan and loses puck.
6:17 of 2nd period - Icing by Aleksander Barkov.
6:18 of 2nd period - Ryan OReilly wins face-off versus Aleksander Barkov in Panthers zone.
6:51 of 2nd period - Shot by Tyler Seguin.
6:51 of 2nd period - Stopped by Braden Holtby without a rebound.
6:52 of 2nd period - Joe Thornton wins face-off versus Brayden Point in Canucks zone.
6:57 of 2nd period - Shot by Joe Thornton.
6:57 of 2nd period - Stopped by Braden Holtby without a rebound.
6:58 of 2nd period - Joe Thornton wins face-off versus Brayden Point in Canucks zone.
7:13 of 2nd period - Shot by Justin Williams.
7:13 of 2nd period - Shot Blocked by Aaron Ekblad.
7:20 of 2nd period - Joe Thornton is hit by Alex Pietrangelo and loses puck.
7:35 of 2nd period - Shot by Joe Thornton.
7:35 of 2nd period - Deflect By Andrew Ladd.
7:35 of 2nd period - Shot Misses the Net.
7:37 of 2nd period - Shot by Michael Matheson.
7:37 of 2nd period - Deflect By Joe Thornton.
7:37 of 2nd period - Shot Misses the Net.
8:58 of 2nd period - Shot by Ryan OReilly.
8:58 of 2nd period - Shot Blocked by Samuel Girard.
9:00 of 2nd period - Shot by Anthony Beauvillier.
9:00 of 2nd period - Shot Blocked by Francois Beauchemin.
9:10 of 2nd period - Shot by Anthony Beauvillier.
9:10 of 2nd period - Shot Misses the Net.
9:16 of 2nd period - Shot by William Karlsson.
9:16 of 2nd period - Stopped by Cam Ward with a rebound.
9:28 of 2nd period - Shot by Alex Pietrangelo.
9:28 of 2nd period - Deflect By Danton Heinen.
9:28 of 2nd period - Stopped by Cam Ward without a rebound.
9:29 of 2nd period - Aleksander Barkov wins face-off versus Brayden Point in Panthers zone.
9:36 of 2nd period - Shot by Aleksander Barkov.
9:36 of 2nd period - Shot Blocked by Alex Pietrangelo.
10:31 of 2nd period - Shot by Blake Coleman.
10:31 of 2nd period - Shot Misses the Net.
10:33 of 2nd period - Shot by Blake Coleman.
10:33 of 2nd period - Shot Blocked by Michael Matheson.
10:46 of 2nd period - Icing by Drew Doughty.
10:47 of 2nd period - Ryan OReilly wins face-off versus Aleksander Barkov in Panthers zone.
11:00 of 2nd period - Shot by Ryan OReilly.
11:00 of 2nd period - Stopped by Cam Ward without a rebound.
11:01 of 2nd period - Luke Glendening wins face-off versus Ryan OReilly in Panthers zone.
11:01 of 2nd period - Luke Glendening is hit by William Karlsson.
11:15 of 2nd period - Shot by Charlie McAvoy.
11:15 of 2nd period - Shot Hit the Post.
11:42 of 2nd period - Off-side.
11:43 of 2nd period - Joe Thornton wins face-off versus Brayden Point in neutral zone.
11:55 of 2nd period - Off-side.
11:56 of 2nd period - Tyler Seguin wins face-off versus Brayden Point in neutral zone.
11:59 of 2nd period - Shot by Matthew Tkachuk.
11:59 of 2nd period - Shot Misses the Net.
12:01 of 2nd period - Shot by Blake Wheeler.
12:01 of 2nd period - Goal by Blake Wheeler - Canucks : 4 - Panthers : 2.
12:02 of 2nd period - Blake Wheeler wins face-off versus Brayden Point in neutral zone.
12:07 of 2nd period - Shot by Matthew Tkachuk.
12:07 of 2nd period - Stopped by Braden Holtby without a rebound.
12:08 of 2nd period - Brayden Point wins face-off versus Tyler Seguin in Canucks zone.
12:31 of 2nd period - Shot by Tyler Seguin.
12:31 of 2nd period - Stopped by Braden Holtby without a rebound.
12:32 of 2nd period - Andrew Ladd wins face-off versus Ryan OReilly in Canucks zone.
12:53 of 2nd period - Shot by Anthony Beauvillier.
12:53 of 2nd period - Shot Misses the Net.
12:55 of 2nd period - Shot by Aaron Ekblad.
12:55 of 2nd period - Shot Blocked by Joe Thornton.
12:57 of 2nd period - Shot by William Karlsson.
12:57 of 2nd period - Shot Misses the Net.
12:59 of 2nd period - Shot by Alex Pietrangelo.
12:59 of 2nd period - Shot Misses the Net.
13:03 of 2nd period - Shot by Ryan OReilly.
13:03 of 2nd period - Shot Blocked by Drew Doughty.
13:05 of 2nd period - Shot by Alex Pietrangelo.
13:05 of 2nd period - Deflect By Ryan OReilly.
13:05 of 2nd period - Stopped by Cam Ward without a rebound.
13:06 of 2nd period - Tyler Seguin wins face-off versus Brayden Point in Panthers zone.
13:51 of 2nd period - Erik Karlsson is hit by Charlie McAvoy and loses puck.
14:20 of 2nd period - Aaron Ekblad is hit by Nikolaj Ehlers and loses puck.
14:51 of 2nd period - Shot by Ryan OReilly.
14:51 of 2nd period - Stopped by Cam Ward without a rebound.
14:52 of 2nd period - Ryan OReilly wins face-off versus Joe Thornton in Panthers zone.
15:31 of 2nd period - Shot by Joe Thornton.
15:31 of 2nd period - Shot Blocked by Ryan OReilly.
15:59 of 2nd period - Ryan OReilly is hit by Luke Glendening and loses puck.
16:30 of 2nd period - Drew Doughty is hit by Charlie Coyle and loses puck.
17:09 of 2nd period - Michael Matheson is hit by Charlie Coyle and loses puck.
17:32 of 2nd period - Icing by Michael Matheson.
17:33 of 2nd period - Tyler Seguin wins face-off versus Blake Coleman in Panthers zone.
17:45 of 2nd period - Mike Hoffman is hit by Francois Beauchemin and loses puck.
17:57 of 2nd period - Icing by Alex Pietrangelo.
17:58 of 2nd period - Joe Thornton wins face-off versus Blake Coleman in Canucks zone.
18:29 of 2nd period - Tyson Barrie is hit by Charlie McAvoy and loses puck.
19:28 of 2nd period - Shot by Anthony Beauvillier.
19:28 of 2nd period - Shot Blocked by Francois Beauchemin.
19:30 of 2nd period - Shot by Anthony Beauvillier.
19:30 of 2nd period - Shot Blocked by Samuel Girard.
19:39 of 2nd period - Off-side.
19:40 of 2nd period - Tyler Seguin wins face-off versus Mike Hoffman in neutral zone.
19:44 of 2nd period - Off-side.
19:45 of 2nd period - Tyler Seguin wins face-off versus Brayden Point in neutral zone.
19:50 of 2nd period - Shot by Tyler Seguin.
19:50 of 2nd period - Stopped by Braden Holtby without a rebound.
19:51 of 2nd period - Tyler Seguin wins face-off versus Jared McCann in Canucks zone.
Goals for this period are 0 for Canucks vs 1 for Panthers.
Shots for this period are 7 for Canucks vs 7 for Panthers.

3rd period


0:01 of 3rd period - Brayden Point wins face-off versus Tyler Seguin in neutral zone.
1:10 of 3rd period - Shot by Ryan OReilly.
1:10 of 3rd period - Shot Misses the Net.
1:12 of 3rd period - Shot by Ryan OReilly.
1:12 of 3rd period - Shot Blocked by Drew Doughty.
1:14 of 3rd period - Shot by Ryan OReilly.
1:14 of 3rd period - Stopped by Cam Ward with a rebound.
1:16 of 3rd period - Shot by Erik Karlsson.
1:16 of 3rd period - Stopped by Cam Ward without a rebound.
1:17 of 3rd period - Luke Glendening wins face-off versus Ryan OReilly in Panthers zone.
2:03 of 3rd period - Icing by Ryan OReilly.
2:04 of 3rd period - Anthony Beauvillier wins face-off versus Matthew Tkachuk in Canucks zone.
2:16 of 3rd period - Off-side.
2:17 of 3rd period - Aleksander Barkov wins face-off versus Blake Coleman in neutral zone.
2:24 of 3rd period - Off-side.
2:25 of 3rd period - Tyler Seguin wins face-off versus Brayden Point in neutral zone.
2:30 of 3rd period - Icing by Bobby Ryan.
2:31 of 3rd period - Tyler Seguin wins face-off versus Brayden Point in Canucks zone.
2:32 of 3rd period - Shot by Matthew Tkachuk.
2:32 of 3rd period - Stopped by Braden Holtby with a rebound.
2:50 of 3rd period - Shot by Bobby Ryan.
2:50 of 3rd period - Stopped by Cam Ward without a rebound.
2:51 of 3rd period - Aleksander Barkov wins face-off versus Blake Coleman in Panthers zone.
2:51 of 3rd period - Aleksander Barkov is hit by Blake Coleman.
3:14 of 3rd period - Shot by Aleksander Barkov.
3:14 of 3rd period - Shot Blocked by Blake Coleman.
3:55 of 3rd period - Blake Wheeler is hit by Erik Karlsson and loses puck.
4:03 of 3rd period - Icing by Erik Karlsson.
4:04 of 3rd period - Joe Thornton wins face-off versus Brayden Point in Canucks zone.
4:06 of 3rd period - Justin Williams is hit by Erik Karlsson and loses puck.
4:09 of 3rd period - Shot by Francois Beauchemin.
4:09 of 3rd period - Stopped by Braden Holtby without a rebound.
4:10 of 3rd period - Ryan OReilly wins face-off versus Joe Thornton in Canucks zone.
4:16 of 3rd period - Icing by Anthony Beauvillier.
4:17 of 3rd period - Tyler Seguin wins face-off versus Ryan OReilly in Canucks zone.
4:30 of 3rd period - Shot by Tyler Seguin.
4:30 of 3rd period - Shot Misses the Net.
4:32 of 3rd period - Shot by Tyler Seguin.
4:32 of 3rd period - Shot Misses the Net.
4:34 of 3rd period - Shot by Blake Wheeler.
4:34 of 3rd period - Shot Misses the Net.
4:39 of 3rd period - Minor Penalty to Alex Pietrangelo for Hooking.
4:40 of 3rd period - Nikolaj Ehlers wins face-off versus Brooks Laich in Canucks zone.
4:56 of 3rd period - Shot by Joe Thornton.
4:56 of 3rd period - Stopped by Braden Holtby without a rebound.
4:57 of 3rd period - Tyler Seguin wins face-off versus Jared McCann in Canucks zone.
5:13 of 3rd period - Icing by Matthew Tkachuk.
5:14 of 3rd period - Brooks Laich wins face-off versus Tyler Seguin in Panthers zone.
5:25 of 3rd period - Tyson Barrie is hit by Blake Wheeler and loses puck.
5:38 of 3rd period - Shot by Tyler Seguin.
5:38 of 3rd period - Stopped by Braden Holtby without a rebound.
5:39 of 3rd period - Joe Thornton wins face-off versus Brooks Laich in Canucks zone.
5:40 of 3rd period - Shot by Drew Doughty.
5:40 of 3rd period - Shot Misses the Net.
5:42 of 3rd period - Shot by Charlie McAvoy.
5:42 of 3rd period - Goal by Charlie McAvoy - Canucks : 4 - Panthers : 3.
5:43 of 3rd period - Aleksander Barkov wins face-off versus Brayden Point in neutral zone.
5:51 of 3rd period - Shot by Aleksander Barkov.
5:51 of 3rd period - Shot Misses the Net.
6:00 of 3rd period - Icing by Charlie McAvoy.
6:01 of 3rd period - Aleksander Barkov wins face-off versus Ryan OReilly in Panthers zone.
6:11 of 3rd period - Minor Penalty to Aleksander Barkov for Elbowing.
6:12 of 3rd period - Brayden Point wins face-off versus Luke Glendening in Panthers zone.
6:12 of 3rd period - Ryan OReilly is hit by Drew Doughty and loses puck.
7:12 of 3rd period - Shot by Bobby Ryan.
7:12 of 3rd period - Shot Blocked by Michael Matheson.
7:14 of 3rd period - Shot by Tyson Barrie.
7:14 of 3rd period - Stopped by Cam Ward without a rebound.
7:15 of 3rd period - Luke Glendening wins face-off versus Charlie Coyle in Panthers zone.
7:24 of 3rd period - Shot by Tyson Barrie.
7:24 of 3rd period - Shot Misses the Net.
7:26 of 3rd period - Shot by Alex Pietrangelo.
7:26 of 3rd period - Stopped by Cam Ward without a rebound.
7:27 of 3rd period - Luke Glendening wins face-off versus Charlie Coyle in Panthers zone.
8:31 of 3rd period - Shot by Anthony Beauvillier.
8:31 of 3rd period - Shot Misses the Net.
10:24 of 3rd period - Andrew Ladd is hit by Blake Coleman and loses puck.
10:33 of 3rd period - Shot by Joe Thornton.
10:33 of 3rd period - Stopped by Braden Holtby without a rebound.
10:34 of 3rd period - Luke Glendening wins face-off versus Ryan OReilly in Canucks zone.
10:34 of 3rd period - Drew Doughty is hit by Alex Pietrangelo and loses puck.
10:47 of 3rd period - Shot by Ryan OReilly.
10:47 of 3rd period - Stopped by Cam Ward without a rebound.
10:48 of 3rd period - Tyler Seguin wins face-off versus Blake Coleman in Panthers zone.
10:55 of 3rd period - Shot by Samuel Girard.
10:55 of 3rd period - Deflect By Matthew Tkachuk.
10:55 of 3rd period - Shot Misses the Net.
11:25 of 3rd period - Shot by Tyler Seguin.
11:25 of 3rd period - Stopped by Braden Holtby with a rebound.
12:16 of 3rd period - Shot by Andrew Ladd.
12:16 of 3rd period - Stopped by Braden Holtby without a rebound.
12:17 of 3rd period - Aleksander Barkov wins face-off versus Ryan OReilly in Canucks zone.
12:18 of 3rd period - Shot by Charlie McAvoy.
12:18 of 3rd period - Shot Misses the Net.
12:26 of 3rd period - Charlie McAvoy is hit by William Karlsson.
12:59 of 3rd period - Nikolaj Ehlers is hit by Vince Dunn and loses puck.
13:59 of 3rd period - Minor Penalty to Drew Doughty for Tripping.
14:00 of 3rd period - Charlie Coyle wins face-off versus Andrew Ladd in Panthers zone.
14:01 of 3rd period - Shot by Alex Pietrangelo.
14:01 of 3rd period - Stopped by Cam Ward without a rebound.
14:02 of 3rd period - Brayden Point wins face-off versus Andrew Ladd in Panthers zone.
14:03 of 3rd period - Shot by Tyson Barrie.
14:03 of 3rd period - Shot Misses the Net.
14:05 of 3rd period - Shot by Tyson Barrie.
14:05 of 3rd period - Shot Misses the Net.
14:07 of 3rd period - Shot by Blake Coleman.
14:07 of 3rd period - Shot Misses the Net.
14:30 of 3rd period - Brayden Point is hit by Charlie McAvoy and loses puck.
14:47 of 3rd period - Shot by Charlie Coyle.
14:47 of 3rd period - Shot Misses the Net.
14:53 of 3rd period - Shot by Charlie Coyle.
14:53 of 3rd period - Stopped by Cam Ward without a rebound.
14:54 of 3rd period - Charlie Coyle wins face-off versus Matthew Tkachuk in Panthers zone.
15:05 of 3rd period - Shot by Mike Hoffman.
15:05 of 3rd period - Stopped by Cam Ward without a rebound.
15:06 of 3rd period - Luke Glendening wins face-off versus Brayden Point in Panthers zone.
15:06 of 3rd period - Luke Glendening is hit by Blake Coleman.
15:07 of 3rd period - Luke Glendening from Panthers is injured at 15:07 of 3rd period (Left Knee).
15:08 of 3rd period - Charlie Coyle wins face-off versus Andrew Ladd in Panthers zone.
15:25 of 3rd period - Shot by Melker Karlsson.
15:25 of 3rd period - Shot Blocked by Alex Pietrangelo.
16:05 of 3rd period - Icing by Brandon Montour.
16:06 of 3rd period - Tyler Seguin wins face-off versus Ryan OReilly in Canucks zone.
16:30 of 3rd period - Off-side.
16:31 of 3rd period - Brayden Point wins face-off versus Joe Thornton in neutral zone.
16:33 of 3rd period - Alex Pietrangelo is hit by Justin Williams and loses puck.
16:49 of 3rd period - Shot by Mike Hoffman.
16:49 of 3rd period - Deflect By Danton Heinen.
16:49 of 3rd period - Shot Misses the Net.
17:45 of 3rd period - Shot by Ryan OReilly.
17:45 of 3rd period - Goal by Ryan OReilly - Canucks : 5 - Panthers : 3.
17:46 of 3rd period - Ryan OReilly wins face-off versus Aleksander Barkov in neutral zone.
17:52 of 3rd period - Off-side.
17:53 of 3rd period - Ryan OReilly wins face-off versus Aleksander Barkov in neutral zone.
18:21 of 3rd period - Icing by Ryan OReilly.
18:22 of 3rd period - Ryan OReilly wins face-off versus Tyler Seguin in Canucks zone.
18:22 of 3rd period - Ryan OReilly is hit by Blake Wheeler.
18:27 of 3rd period - Off-side.
18:28 of 3rd period - Tyler Seguin wins face-off versus Brayden Point in neutral zone.
18:33 of 3rd period - Shot by Blake Wheeler.
18:33 of 3rd period - Shot Blocked by Aaron Ekblad.
19:52 of 3rd period - Shot by Nikolaj Ehlers.
19:52 of 3rd period - Deflect By Aleksander Barkov.
19:52 of 3rd period - Shot Misses the Net.
Goals for this period are 1 for Canucks vs 1 for Panthers.
Shots for this period are 10 for Canucks vs 8 for Panthers.